Map: Eastwatch LE

Players

Blondes - Winner!

  • Race: Protoss Protoss
  • League: Platinum
  • Spawn Location: 7:00

Daersk

  • Race: Zerg Zerg
  • Spawn Location: 1:00

VOD

Have the link to the VOD?

Description

Time

  • Played on: March 21, 2018, 2:09 p.m.
  • Length: 12:50
Show
View Real Time Build Order
Export as new Build Order

Blondes Protoss - Winner!

Build Orders: 1 Gate Expand, Phoenix Opening 

Get SALT Encoding   

  12  0:02  Probe  
  13  0:15  Probe  
  14  0:28  Pylon  
  14  0:30  Probe  
  15  0:46  Probe  
  15  0:47  Gateway  
  16  0:58  Probe (Chrono Boost), Assimilator  
  17  1:11  Probe (Chrono Boost)  
  18  1:19  Probe  
  19  1:35  Nexus  
  19  1:38  Cybernetics Core  
  19  1:43  Cybernetics Core  
  19  1:51  Probe (Chrono Boost)  
  20  1:54  Assimilator  
  20  2:00  Probe (Chrono Boost), Pylon  
  21  2:13  Pylon  
  21  2:22  Probe  
  24  2:32  Stalker (Chrono Boost)  
  24  2:33  Gateway  
  24  2:34  Probe  
  25  2:45  Stargate  
  25  2:51  Warp Gate  
  25  2:57  Adept (Chrono Boost)  
  26  3:04  Probe x2  
  28  3:16  Probe x2  
  30  3:28  Probe  
  30  3:29  Probe  
  30  3:30  Adept  
  30  3:31  Adept  
  36  3:40  Probe  
  37  3:46  Robotics Facility  
  37  3:49  Phoenix  
  39  3:58  Adept  
  39  3:59  Adept  
  43  4:07  Probe (Chrono Boost)  
  45  4:12  Probe (Chrono Boost)  
  45  4:21  Probe (Chrono Boost)  
  45  4:23  Oracle  
  49  4:33  Probe x2  
  51  4:38  Assimilator  
  51  4:39  Assimilator  
  51  4:59  Adept  
  53  5:03  Probe  
  54  5:13  Robotics Bay  
  54  5:17  Pylon  
  54  5:19  Pylon  
  54  5:35  Adept, Probe x2  
  58  5:47  Probe x2  
  57  5:53  Immortal  
  61  5:58  Forge  
  61  6:01  Gateway  
  61  6:04  Gateway  
  61  6:05  Gateway  
  61  6:08  Robotics Facility  
  61  6:11  Probe  
  61  6:12  Forge, Probe  
  63  6:29  Nexus  
  63  6:32  Pylon  
  63  6:36  Probe  
  63  6:37  Probe  
  65  6:49  Probe x2  
  51  7:19  Protoss Ground Weapons Level 1  
  51  7:20  Protoss Ground Armor Level 1  
  51  7:24  Colossus (Chrono Boost)  
  51  7:27  Colossus (Chrono Boost)  
  63  7:31  Zealot  
  63  7:32  Zealot x4  
  73  7:41  Twilight Council  
  73  7:45  Photon Cannon  
  73  7:46  Photon Cannon, Gateway  
  73  7:49  Probe x2, Shield Battery  
  73  7:50  Probe  
  76  7:58  Sentry x3  
  78  8:01  Probe  
  78  8:02  Probe  
  78  8:03  Probe  
  85  8:13  Probe  
  85  8:14  Probe  
  85  8:15  Probe  
  85  8:17  Charge  
  88  8:21  Templar Archives  
  88  8:24  Immortal  
  92  8:30  Pylon  
  92  8:33  Probe  
  93  8:35  Pylon  
  93  8:47  Pylon  
  93  8:48  Immortal, Probe x2  
  99  8:49  Pylon  
  99  8:55  Assimilator  
  99  8:57  Assimilator  
  99  9:02  Warp Prism  
  99  9:03  High Templar  
  99  9:04  High Templar x3  
  97  9:33  Zealot x2  
  101  9:44  Probe  
  101  9:45  Probe  
  103  9:51  High Templar x2  
  103  9:52  High Templar x2  
  111  9:54  Zealot x2  
  115  10:00  Archon  
  115  10:01  Archon x3  
  115  10:06  Protoss Shields Level 1 (Chrono Boost)  
  115  10:07  Protoss Ground Weapons Level 2 (Chrono Boost)  
  115  10:25  Zealot x2  
  115  10:26  Zealot x3  
  125  10:29  Nexus  
  125  10:30  Pylon  
  125  10:33  Pylon  
  125  10:35  Pylon x2  
  125  10:36  Assimilator  
  125  10:39  Assimilator  
  125  10:40  Gateway  
  125  10:41  Extended Thermal Lance  
  125  10:42  Psionic Storm  
  125  10:43  Gateway  
  125  10:44  Gateway  
  125  10:48  Colossus  
  125  10:49  Gateway  
  131  10:54  Zealot  
  131  10:55  Zealot x4  
  131  10:56  Zealot  
  143  11:07  Observer  
  132  11:58  Zealot  
  132  11:59  Zealot x5  
  126  12:20  Zealot x6  
  116  12:41  Zealot x5  
  116  12:42  Zealot x5  
Show
View Real Time Build Order
Export as new Build Order

Daersk Zerg 

Build Orders: 3 Hatch before Pool 

Get SALT Encoding   

  12  0:01  Drone  
  13  0:15  Overlord  
  13  0:26  Drone  
  14  0:43  Drone x3  
  17  0:56  Hatchery  
  16  1:03  Hatchery  
  16  1:08  Drone x2  
  16  1:11  Extractor  
  17  1:24  Spawning Pool  
  16  1:31  Drone x2  
  18  1:48  Drone  
  19  1:56  Overlord  
  19  2:12  Zergling x4  
  19  2:15  Zergling x2  
  22  2:17  Queen x2  
  22  2:19  Metabolic Boost  
  26  2:24  Drone  
  27  2:32  Drone x2  
  29  2:37  Drone  
  29  2:42  Drone  
  31  2:48  Overlord  
  31  3:20  Hatchery  
  30  3:35  Drone x3  
  30  3:36  Zergling x4, Drone x3  
  30  3:37  Zergling x8  
  42  3:48  Drone  
  42  3:50  Roach Warren  
  42  3:58  Queen  
  42  4:02  Overlord  
  44  4:08  Evolution Chamber  
  43  4:12  Queen, Evolution Chamber  
  43  4:16  Evolution Chamber  
  43  4:25  Drone  
  43  4:26  Extractor  
  43  4:29  Overlord x2  
  43  4:35  Queen  
  45  4:43  Overlord x2  
  45  4:46  Roach  
  47  5:01  Drone x3  
  47  5:04  Lair  
  50  5:08  Drone  
  50  5:09  Baneling Nest  
  50  5:29  Drone  
  50  5:30  Drone x6  
  50  5:32  Roach x2  
  61  6:09  Zerg Ground Armor Level 1  
  61  6:10  Zerg Melee Weapons Level 1  
  61  6:11  Zerg Missile Weapons Level 1  
  61  6:14  Drone  
  61  6:15  Drone x3  
  65  6:19  Extractor  
  65  6:22  Extractor  
  63  6:29  Drone  
  63  6:30  Drone x6  
  63  6:31  Drone  
  63  6:32  Roach  
  73  6:34  Overlord x2  
  73  6:35  Overlord x3  
  68  7:06  Roach  
  68  7:07  Roach x10  
  84  7:23  Extractor x2  
  82  7:34  Drone x12  
  82  7:35  Drone  
  95  7:43  Hydralisk Den  
  94  7:45  Glial Reconstitution  
  94  7:46  Centrifical Hooks  
  94  7:53  Drone x3  
  94  7:54  Drone x3  
  100  8:03  Infestation Pit  
  99  8:26  Spore Crawler  
  98  8:32  Hydralisk  
  98  8:33  Hydralisk x5  
  110  8:34  Zergling x2  
  110  8:35  Zergling x4  
  110  8:37  Spore Crawler  
  112  8:46  Spore Crawler  
  112  8:47  Overlord x3  
  112  8:48  Overlord x2, Zergling x2  
  111  8:49  Zergling x2  
  113  9:04  Muscular Augments  
  113  9:12  Drone x3  
  113  9:14  Drone x3  
  113  9:15  Drone  
  113  9:16  Drone x2  
  113  9:17  Drone  
  118  9:36  Hatchery  
  117  9:52  Zerg Ground Armor Level 2, Zerg Missile Weapons Level 2, Zerg Melee Weapons Level 2  
  117  9:54  Spine Crawler  
  117  9:56  Queen  
  118  10:15  Hydralisk, Grooved Spines  
  118  10:16  Hydralisk x11  
  118  10:17  Zergling x2  
  118  10:18  Zergling x22  
  118  10:20  Overlord  
  154  10:25  Overseer  
  154  10:48  Overseer x4  
  154  10:56  Queen  
  156  10:57  Drone x3  
  156  10:58  Drone x6  
  156  10:59  Drone  
  166  11:31  Hydralisk  
  95  12:01  Roach  
  95  12:02  Roach x16  
  112  12:12  Roach x2  
  96  12:25  Roach x2  
  96  12:26  Roach x2  
Tags
 
Add a new tag
Caveats
  • Supply blocks, unpowered buildings, or Contaminate may cause inaccurate times.
  • Supply counts are checked every 10 seconds.